 Dungeon Crawl Stone Soup version 0.22-a0-469-gf26638a (webtiles) character file.

1764101 Salmacis the Executioner (level 27, 231/231 HPs)
             Began as a Formicid Fighter on June 12, 2018.
             Was a High Priest of Okawaru.
             Escaped with the Orb
             ... and 3 runes on June 13, 2018!
             The game lasted 02:39:59 (62837 turns).

Salmacis the Executioner (Formicid Fighter)        Turns: 62837, Time: 02:40:00

Health: 231/231    AC: 38    Str: 26    XL:     27
Magic:  34/34      EV: 17    Int: 15    God:    Okawaru [*****.]
Gold:   5019       SH: 28    Dex: 14    Spells: 26/26 levels left

rFire    + + +     SeeInvis +   U - +9 executioner's axe (chop)
rCold    + . .     Gourm    .   k - +1 large shield {rF+}
rNeg     + + .     Faith    .   y - +3 gold dragon scales
rPois    +         Spirit   .   (helmet unavailable)
rElec    +         Reflect  +   e - +2 cloak {MR+}
rCorr    .         Harm     .   s - +0 pair of gloves of Honesty {rF+ rN+}
MR       ++++.                  v - +1 pair of boots of the Nexus {rN+ Dex+3 SInv}
Stlth    ..........             N - +3 amulet of reflection
HPRegen  0.48/turn              M - ring "Gipsum" {Fire rElec SInv}
MPRegen  0.24/turn              A - ring of protection from cold

@: no status effects
A: permanent stasis, dig shafts and tunnels, four strong arms, antennae 3, slimy
green scales 1, blurry vision 1, clever 1, magic resistance 1, sense
surroundings 1, screaming 2, weak 1, no potion heal 1
0: Orb of Zot
}: 3/15 runes: barnacled, slimy, silver
a: Dig, Shaft Self, Heroism, Finesse, Renounce Religion


You escaped.
You worshipped Okawaru.
Okawaru was extremely pleased with you.
You were not hungry.

You visited 9 branches of the dungeon, and saw 48 of its levels.
You also visited: Labyrinth and Ice Cave.

You collected 7508 gold pieces.
You spent 2489 gold pieces at shops.

Inventory:

Hand Weapons
 m - the +9 heavy crossbow "Sniper" {velocity, Acc+∞ SInv}
   (You found it on level 5 of the Pits of Slime)

   Any bolt fired from it inflicts extra damage.
   It lets you see invisible.
 x - a +6 executioner's axe of freezing
 U - a +9 executioner's axe of chopping (weapon)
 Y - the +1 hand axe "Jolav" {holy, +Inv rElec rF+ MP+9}
   (You found it in a labyrinth)

   It has been blessed by the Shining One to cause great damage to the undead
   and demons.
   It protects you from fire.
   It insulates you from electricity.
   It affects your magic capacity (+9).
   It lets you turn invisible.
Missiles
 c - 22 javelins of penetration (quivered)
Armour
 e - a +2 cloak of magic resistance (worn)
 h - a scarf of spirit shield
 k - a +1 large shield of fire resistance (worn)
 s - the +0 pair of gloves of Honesty (worn) {rF+ rN+}
   (You acquired it on level 4 of the Vaults)

   It protects you from fire.
   It protects you from negative energy.
 v - the +1 pair of boots of the Nexus (worn) {rN+ Dex+3 SInv}
   (Okawaru gifted it to you on level 5 of the Vaults)

   It affects your dexterity (+3).
   It protects you from negative energy.
   It lets you see invisible.
 y - +3 gold dragon scales (worn)
 I - a +1 pair of boots of flying
 R - a +2 cloak of poison resistance
Jewellery
 b - the ring of Light {MR+ Str+4 Dex+4}
   (You bought it in a shop on level 5 of the Depths)

   [ring of protection from magic]

   It affects your strength (+4).
   It affects your dexterity (+4).
   It affects your resistance to hostile enchantments.
 u - an uncursed ring of resist corrosion
 A - a ring of protection from cold (right hand)
 M - the ring "Gipsum" (left hand) {Fire rElec SInv}
   (You acquired it on level 5 of the Depths)

   [ring of fire]

   It enhances your fire magic.
   It protects you from fire.
   It makes you vulnerable to cold.
   It insulates you from electricity.
   It lets you see invisible.
 N - a +3 amulet of reflection (around neck)
Wands
 t - a wand of polymorph (32)
 B - a wand of digging (42)
 D - a wand of iceblast (57)
 O - a wand of disintegration (77)
 Q - a wand of flame (66)
 T - a wand of acid (23)
 W - a wand of scattershot (16)
Scrolls
 a - a scroll of holy word
 i - 26 scrolls of remove curse
 j - 6 scrolls of fear
 n - 9 scrolls of amnesia
 C - 12 scrolls of identify
 G - 5 scrolls of fog
 H - a scroll of silence
 J - 5 scrolls of vulnerability
 V - 2 scrolls of brand weapon
 Z - 2 scrolls of summoning
Potions
 d - 4 potions of might
 l - 7 potions of magic
 o - 3 potions of resistance
 p - 5 potions of cancellation
 q - 2 potions of flight
 r - 3 potions of agility
 w - 10 potions of curing
 z - 3 potions of invisibility
 L - 9 potions of heal wounds
 S - 4 potions of mutation
 X - 3 potions of brilliance
Miscellaneous
 K - 5 boxes of beasts
Comestibles
 f - 50 rations


   Skills:
 - Level 22.0 Fighting
 - Level 22.0 Axes
 - Level 8.0 Throwing
 - Level 22.0 Armour
 + Level 20.7 Dodging
 + Level 21.1 Shields
 - Level 15.0 Invocations


You had 26 spell levels left.
You didn't know any spells.
Your spell library contained the following spells:

 Spells                   Type           Power        Failure   Level  Hunger
 Cause Fear               Hex            #.........   100%        4    #####..
 Magic Dart               Conj           #...         96%         1    ##.....
 Fireball                 Conj/Fire      #.........   100%        5    ######.
 Conjure Flame            Conj/Fire      #.......     100%        3    ####...
 Bolt of Fire             Conj/Fire      #.........   100%        6    #######
 Bolt of Cold             Conj/Ice       #.........   100%        6    #######
 Lightning Bolt           Conj/Air       #.........   100%        5    ######.
 Bolt of Magma            Conj/Fire/Erth #.........   100%        5    ######.
 Slow                     Hex            #.......     99%         2    ###....
 Confuse                  Hex            #.......     100%        3    ####...
 Controlled Blink         Tloc           N/A          100%        8    #######
 Freezing Cloud           Conj/Ice/Air   #.........   100%        6    #######
 Mephitic Cloud           Conj/Pois/Air  #.......     100%        3    ####...
 Ring of Flames           Chrm/Fire      #.........   100%        7    #######
 Olgreb's Toxic Radiance  Pois           #.......     100%        4    #####..
 Teleport Other           Tloc           #.......     100%        3    ####...
 Summon Small Mammal      Summ           #...         96%         1    ##.....
 Bolt of Draining         Conj/Necr      #.........   100%        5    ######.
 Blink                    Tloc           N/A          99%         2    ###....
 Iskenderun's Mystic Bla  Conj           #.......     100%        4    #####..
 Animate Dead             Necr           N/A          100%        4    #####..
 Pain                     Necr           #...         96%         1    ##.....
 Animate Skeleton         Necr           N/A          96%         1    ##.....
 Vampiric Draining        Necr           #.........   100%        3    ####...
 Ozocubu's Refrigeration  Ice            #.........   100%        6    #######
 Summon Ice Beast         Ice/Summ       #.......     100%        4    #####..
 Ozocubu's Armour         Chrm/Ice       #.......     100%        3    ####...
 Call Imp                 Summ           #.......     99%         2    ###....
 Dispel Undead            Necr           #.......     100%        5    ######.
 Regeneration             Chrm/Necr      #.........   100%        3    ####...
 Sublimation of Blood     Necr           #.........   99%         2    ###....
 Corpse Rot               Necr           N/A          99%         2    ###....
 Iron Shot                Conj/Erth      #.........   100%        6    #######
 Shock                    Conj/Air       #...         96%         1    ##.....
 Swiftness                Chrm/Air       #.......     99%         2    ###....
 Recall                   Summ/Tloc      N/A          100%        3    ####...
 Agony                    Necr           #.......     100%        5    ######.
 Spider Form              Tmut/Pois      #.........   100%        3    ####...
 Blade Hands              Tmut           #.........   100%        5    ######.
 Statue Form              Tmut/Erth      #........    100%        6    #######
 Ice Form                 Ice/Tmut       #.......     100%        4    #####..
 Dragon Form              Tmut           #.........   100%        7    #######
 Death Channel            Necr           #.........   100%        6    #######
 Deflect Missiles         Chrm/Air       #.........   100%        6    #######
 Airstrike                Air            #.........   100%        4    #####..
 Shadow Creatures         Summ           N/A          100%        6    #######
 Confusing Touch          Hex            #.....       96%         1    ##.....
 Flame Tongue             Conj/Fire      #....        96%         1    ##.....
 Ignite Poison            Fire/Tmut/Pois #.......     100%        3    ####...
 Sticks to Snakes         Tmut           #.......     99%         2    ###....
 Call Canine Familiar     Summ           #.......     100%        3    ####...
 Ensorcelled Hibernation  Hex/Ice        #.....       99%         2    ###....
 Metabolic Englaciation   Hex/Ice        #.........   100%        5    ######.
 Silence                  Hex/Air        #.........   100%        5    ######.
 Shatter                  Erth           #.........   100%        9    #######
 Dispersal                Tloc           #.........   100%        6    #######
 Static Discharge         Conj/Air       #.......     100%        3    ####...
 Alistair's Intoxication  Tmut/Pois      #.......     100%        5    ######.
 Simulacrum               Ice/Necr       #.........   100%        6    #######
 Excruciating Wounds      Chrm/Necr      #.........   100%        5    ######.
 Portal Projectile        Hex/Tloc       #.....       100%        3    ####...
 Petrify                  Tmut/Erth      #.......     100%        4    #####..
 Tornado                  Air            #.........   100%        9    #######
 Leda's Liquefaction      Hex/Erth       #.........   100%        4    #####..
 Darkness                 Hex            #.........   100%        6    #######
 Beastly Appendage        Tmut           #.....       96%         1    ##.....
 Disjunction              Tloc           #.........   100%        8    #######
 Iskenderun's Battlesphe  Conj/Chrm      #.......     100%        5    ######.
 Fulminant Prism          Conj/Hex       #.........   100%        4    #####..
 Dazzling Spray           Conj/Hex       #.....       100%        3    ####...
 Force Lance              Conj/Tloc      #.......     100%        4    #####..
 Searing Ray              Conj           #.....       99%         2    ###....
 Discord                  Hex            #.........   100%        8    #######
 Summon Lightning Spire   Summ/Air       #.......     100%        4    #####..
 Summon Guardian Golem    Hex/Summ       #.......     100%        3    ####...
 Dragon's Call            Summ           #.........   100%        9    #######
 Summon Mana Viper        Hex/Summ       #.......     100%        5    ######.
 Hydra Form               Tmut           #.........   100%        6    #######
 Irradiate                Conj/Tmut      #.........   100%        5    ######.
 Gell's Gravitas          Tloc           #.........   100%        3    ####...
 Yara's Violent Unravell  Hex/Tmut       #.........   100%        5    ######.
 Lesser Beckoning         Tloc           #.........   100%        3    ####...
 Ignition                 Fire           #.........   100%        8    #######
 Borgnjor's Vile Clutch   Necr/Erth      #.........   100%        5    ######.


Dungeon Overview and Level Annotations

Branches:
Dungeon (15/15)            Temple (0/1) D:5            Lair (6/6) D:9
 Shoals (4/4) Lair:3       Spider (0/4) Lair:2        Slime (5/5) Lair:6
    Orc (2/2) D:11            Elf (1/3) Orc:2        Vaults (5/5) D:14
  Crypt (0/3) Vaults:2     Depths (5/5) D:15            Zot (5/5) Depths:5

Altars:
Ashenzari
Dithmenos
Elyvilon
Fedhas
Makhleb
Nemelex Xobeh
Okawaru
Sif Muna
Wu Jian
Xom
Zin
The Shining One
Beogh
Jiyva

Shops:
D:7 ?   D:12 :   D:13 *   D:15 !   Orc:1 [   Orc:2 :*[(   Vaults:3 *
Vaults:4 *   Vaults:5 %%!   Depths:1 (*   Depths:5 }=}

Portals:
Hell: Depths:1 Depths:2 Depths:3 Depths:4 Depths:5
Abyss: Depths:2 Depths:4
Pandemonium: Depths:1 Depths:3
Ziggurat: Depths:4

Annotations:
D:3 exclusion: downstairs
D:4 Edmund
Lair:1 exclusion: 2 oklob plants


Innate Abilities, Weirdness & Mutations

You cannot be hasted, slowed, berserked, paralysed or teleported.
You can dig through walls and to a lower floor.
Your four strong arms can wield two-handed weapons with a shield.
You have a pair of large antennae on your head. (SInv)
You are partially covered in slimy green scales. (AC +2)
Scrolls take you a little longer to read.
Your mind is acute. (Int +2)
You are resistant to hostile enchantments. (MR+)
You passively map a small area around you.
You sometimes yell uncontrollably at your foes.
You are weak. (Str -2)
Potions are less effective at restoring your health.


Message History

Okawaru accepts your kill.
No target in view!
No target in view!
(D) Dungeon (T) Temple (L) Lair (A) Shoals (N) Spider Nest (M) Slime Pits (O) Orcish Mines (E) Elven Halls (V) Vaults (C) Crypt (U) Depths (H) Hell (Z) Zot
Where to? (Enter - D:1 @ (x,y), ? - help)
You see here a trident.
You sense a monster nearby.
A sixfirhy comes into view.
Luttaem comes into view.
Luttaem shouts, "Thy spirit shall be my breakfast!"
The sixfirhy moves out of view.
You extend your mandibles.
You dig through the rock wall.
You retract your mandibles.
A neqoxec comes into view.
There is a staircase leading out of the dungeon here.
You have escaped!

#.#.........#
#)#3.######.#
#...........#
#..#.#.#.#..#
####
#..#.##3{#..#
...#
##.{..{#.{...#
##.#
##.....###....#
#.###..{&###
###..#
#....3...##
#@..#
####.....>#
##..#
###.....##
#>..#
#.......>#
##.##
#.###...###
###.# #.#
##....###...#
#.#
##.)..#....#
#.# #.#.###.#.#
###.#
#.#.#.#.#.#


There were no monsters in sight!

Vanquished Creatures
  the Royal Jelly (Slime:5)
  3 orbs of fire (Zot:5)
  5 ancient liches (Zot:5)
  Sojobo (Vaults:5)
  Bai Suzhen (Depths:1)
  A caustic shrike (Depths:4)
  3 Killer Klowns (Zot:5)
  A pandemonium lord (Zot:2)
  8 golden dragons
  2 bone dragons (Depths:5)
  3 liches
  4 electric golems
  2 Tzitzimimeh
  27 Orb Guardians
  13 tentacled monstrosities
  An Ice Fiend (IceCv)
  6 titans (Vaults:5)
  3 quicksilver dragons
  A deep elf blademaster (Depths:2)
  22 acid blobs
  The ghost of Laiders72 the Tortoise, an adept FoFi of Ashenzari (Shoals:3)
  7 death cobs
  Roxanne (Shoals:1)
  2 krakens
  4 sphinxes
  2 storm dragons (shapeshifter) (Depths:2)
  11 storm dragons
  Ilsuiw (Shoals:3)
  10 tengu reavers
  10 shadow dragons
  4 draconian monks
  9 azure jellies
  11 fire giants
  3 iron dragons
  13 frost giants
  3 ghost moths
  An iron dragon (shapeshifter) (Depths:2)
  4 deep elf sorcerers (Vaults:5)
  An orc warlord (Orc:2)
  11 draconian knights
  Louise (D:15)
  An angel (Zot:3)
  17 vault wardens
  9 draconian annihilators
  6 draconian scorchers
  5 draconian stormcallers
  3 draconian shifters
  15 very ugly things
  2 entropy weavers
  A vampire knight (Depths:3)
  22 ironheart preservers
  9 war gargoyles
  23 stone giants
  7 green draconians
  A deep elf demonologist (Depths:5)
  7 black draconians
  12 yellow draconians
  Azrael (Orc:2)
  2 red draconians
  4 white draconians
  A minotaur (Lab)
  8 purple draconians
  6 spark wasps
  4 merfolk javelineers
  4 deep elf annihilators
  16 ettins
  Snorg (D:13)
  Josephine (Lair:5)
  16 merfolk impalers
  7 fire dragons
  5 deep elf death magi
  2 deep elf high priests (Vaults:5)
  5 jiangshi
  12 death oozes (Slime:5)
  A green death (D:15)
  The ghost of Gildeon the Cleaver, a journeyman MiFi of Okawaru (Lair:2)
  31 vault guards
  6 hydras
  An ice dragon (shapeshifter) (Depths:2)
  15 great orbs of eyes
  15 yaktaur captains
  2 juggernaut simulacra (Depths:2)
  2 merfolk avatars
  5 rakshasas
  17 ice dragons
  2 catoblepae
  5 centaur warriors
  4 spriggan air magi
  40 two-headed ogres
  4 dancing weapons
  2 merfolk aquamancers (Shoals:4)
  3 orc high priests (Orc:2)
  11 ogre magi
  2 satyrs
  4 spriggan berserkers
  Urug (Lair:2)
  14 deep troll earth magi
  3 deep troll shamans
  3 vampire magi
  Nergalle (Lair:4)
  The ghost of 4thArraOfDagon the Geomancer, a journeyman SpEE of Sif Muna (D:13)
  Sonja (Lair:3)
  3 sun demons
  A titan zombie (Vaults:5)
  9 deep elf knights
  A shock serpent (shapeshifter) (Vaults:5)
  A shock serpent (Depths:2)
  A soul eater (Zot:5)
  2 small abominations (Vaults:3)
  2 shadow wraiths
  11 hell knights
  2 storm dragon skeletons
  4 glowing orange brains
  12 sea snakes
  13 deep trolls
  An unseen horror (D:15)
  6 flayed ghosts
  4 wizards
  A harpy (shapeshifter) (Vaults:4)
  9 deep elf archers
  15 ironbrand convokers
  2 obsidian statues (Zot:5)
  16 harpies
  6 phantasmal warriors
  15 orc knights
  9 necromancers
  20 deep elf magi
  Pikel (D:4)
  2 human zombies
  4 orc sorcerers (Orc:2)
  13 manticores
  17 fauns
  2 wolf spider zombies (D:15)
  7 shining eyes
  7 wolf spiders
  37 ugly things
  A stone giant zombie (Vaults:5)
  A moth of wrath (shapeshifter) (Depths:2)
  7 cyclopes
  A cyclops (shapeshifter) (Depths:2)
  A frost giant zombie (Vaults:4)
  A fire giant skeleton (Vaults:4)
  16 moths of wrath
  A salamander (shapeshifter) (Depths:5)
  A guardian serpent (Lair:6)
  A frost giant skeleton (Vaults:5)
  A black mamba (shapeshifter) (Vaults:2)
  3 gargoyles (D:13)
  An ice statue (IceCv)
  4 water nymphs
  A torpor snail (shapeshifter) (Vaults:4)
  7 black mambas
  13 merfolk sirens
  4 smoke demons
  A naga mage (Depths:2)
  An orange demon (Zot:5)
  16 vault sentinels
  14 spiny frogs
  2 eyes of devastation
  A large abomination (Depths:2)
  2 efreet
  A tormentor (Zot:5)
  5 ice devils
  A hellion (Zot:4)
  4 hellwings
  45 yaktaurs
  3 rime drakes (Shoals:1)
  7 komodo dragons
  A yaktaur (shapeshifter) (Depths:2)
  A red devil (D:1)
  11 freezing wraiths
  5 anaconda simulacra (IceCv)
  46 merfolk
  A troll (shapeshifter) (Depths:4)
  7 tengu conjurers
  A meliai (D:14)
  4 wind drakes
  A jumping spider (Vaults:2)
  A tengu simulacrum (Vaults:5)
  9 hornets
  A queen bee (Lair:2)
  7 trolls
  6 polar bears
  A harpy skeleton (D:15)
  An ettin zombie (Vaults:5)
  A blink frog (shapeshifter) (Depths:4)
  Grinder (D:3)
  119 slime creatures
  A snapping turtle (shapeshifter) (Vaults:5)
  2 fire giant simulacra
  8 snapping turtles
  Prince Ribbit (D:5)
  7 hippogriffs
  7 dream sheep (Lair:6)
  The ghost of Soeti the Insei, an amateur OpTm (D:5)
  A meliai zombie (D:14)
  A tarantella (shapeshifter) (Depths:3)
  10 wyverns
  7 redbacks
  An ettin skeleton (Vaults:5)
  A dire elephant simulacrum (IceCv)
  2 shadows
  7 wraiths
  6 spriggans
  8 water elementals (Shoals:4)
  30 yaks
  3 basilisks
  2 ynoxinuls
  Sigmund (D:4)
  A chaos spawn (Depths:5)
  2 yaks (shapeshifter)
  4 neqoxecs
  4 hungry ghosts
  Eustachio (D:6)
  6 golden eyes (Slime:5)
  2 steam dragons (Shoals:1)
  A human simulacrum (Vaults:1)
  A swamp worm (shapeshifter) (Depths:5)
  6 harpy simulacra (IceCv)
  4 wargs
  2 soldier ants
  7 hell hounds (Orc:2)
  5 acid dragons
  Duvessa (D:5)
  3 hydra simulacra (IceCv)
  A water moccasin (shapeshifter) (Depths:1)
  2 floating eyes
  25 water moccasins
  A floating eye (shapeshifter) (Depths:2)
  8 porcupines
  30 orc warriors
  3 slaves
  An alligator simulacrum (IceCv)
  An eye of draining (shapeshifter) (Depths:5)
  An ice beast (D:7)
  4 phantoms
  3 sky beasts
  An ettin simulacrum (Vaults:5)
  9 eyes of draining
  32 ogres
  15 centaurs
  3 human skeletons
  8 crocodiles
  An elf skeleton (Vaults:5)
  Blork the orc (D:4)
  3 big kobolds
  23 bullfrogs
  A wyvern zombie (D:13)
  Dowan (D:5)
  A wyvern skeleton (D:13)
  3 scorpions
  25 killer bees (Lair:2)
  An elephant simulacrum (IceCv)
  An orc simulacrum (Vaults:2)
  3 electric eels
  5 crimson imps
  A bullfrog zombie (D:7)
  3 centaur zombies
  3 draconian simulacra (IceCv)
  3 quasits
  2 centaur skeletons
  8 hounds
  An iron imp (Depths:4)
  2 yaktaur simulacra
  3 bullfrog skeletons
  3 jellies
  24 orc priests
  28 orc wizards
  Jessica (D:2)
  Ijyb (D:5)
  5 iguanas
  8 worker ants
  2 polar bear simulacra (IceCv)
  2 spriggan simulacra (IceCv)
  3 centaur simulacra (IceCv)
  A hound zombie (D:11)
  A hound skeleton (D:5)
  A howler monkey zombie (D:6)
  Robin (D:2)
  6 gnolls
  A howler monkey skeleton (D:4)
  4 naga simulacra (IceCv)
  10 adders
  4 shadow imps
  7 white imps
  11 ufetubi
  4 worms
  2 dart slugs
  A leopard gecko (D:9)
  93 orcs
  3 giant cockroaches
  20 goblins
  18 hobgoblins
  8 jackals
  4 quokkas
  3 ball pythons
  8 bats
  5 frilled lizards
  25 kobolds
  A leopard gecko zombie (D:5)
  2 quokka skeletons
  A quokka zombie (D:6)
  14 rats
  A crawling corpse (Vaults:3)
  A fire vortex (Lair:6)
  4 fungi
  13 plants
  2 tentacles (Shoals:2)
2056 creatures vanquished.

Vanquished Creatures (others)
  An electric golem (Zot:5)
  A deep elf master archer (Depths:2)
  A stone giant (Vaults:5)
  A vampire knight (Depths:5)
  A lorocyproca (Depths:2)
  2 merfolk javelineers (Shoals:4)
  3 yaktaur captains
  An ice dragon (Depths:3)
  2 centaur warriors
  An ogre mage (Depths:3)
  A sea snake (Shoals:2)
  An ironbrand convoker (Vaults:1)
  A cyclops (Vaults:2)
  9 yaktaurs
  A wind drake (Shoals:1)
  An adder (D:3)
  A white imp (IceCv)
  An ufetubus (IceCv)
  An orc (Vaults:4)
  A quokka (D:3)
  3 bushes (Shoals:2)
  A fire vortex (Lair:6)
  19 fungi
  42 plants
  8 tentacles
105 creatures vanquished.

Grand Total: 2161 creatures vanquished

Notes
Turn   | Place    | Note
-------+----------+-------------------------------------------
     0 | D:1      | Salmacis the Formicid Fighter began the quest for the Orb.
     0 | D:1      | Reached XP level 1. HP: 18/18 MP: 1/1
   114 | D:1      | Reached XP level 2. HP: 21/24 MP: 2/2
   302 | D:1      | Reached XP level 3. HP: 29/29 MP: 3/3
   966 | D:2      | Found an iron altar of Okawaru.
   979 | D:2      | Reached XP level 4. HP: 25/37 MP: 4/4
   991 | D:2      | Noticed Robin
  1136 | D:2      | Killed Robin
  1163 | D:2      | Noticed Jessica
  1173 | D:2      | Killed Jessica
  1173 | D:2      | Reached XP level 5. HP: 42/42 MP: 5/5
  1177 | D:2      | Became a worshipper of Warmaster Okawaru
  1619 | D:2      | Found a shadowy altar of Dithmenos.
  2114 | D:3      | Found a white marble altar of Elyvilon.
  2200 | D:3      | Found an ornate altar of the Wu Jian Council.
  2208 | D:3      | Reached XP level 6. HP: 48/48 MP: 6/6
  2215 | D:3      | Reached skill level 1 in Invocations
  2215 | D:3      | Noticed Grinder
  2237 | D:3      | Killed Grinder
  2237 | D:3      | Reached skill level 5 in Axes
  2237 | D:3      | Reached skill level 5 in Shields
  2237 | D:3      | Reached XP level 7. HP: 54/54 MP: 6/8
  2278 | D:3      | Reached * piety under Okawaru
  2731 | D:3      | Found a shimmering altar of Xom.
  3009 | D:4      | Noticed Edmund
  3172 | D:4      | Noticed Pikel
  3319 | D:4      | Noticed Sigmund
  3342 | D:4      | Killed Sigmund
  3351 | D:4      | Noticed Blork the orc
  3361 | D:4      | Killed Blork the orc
  3361 | D:4      | Reached XP level 8. HP: 61/61 MP: 10/10
  3567 | D:4      | Killed Pikel
  3567 | D:4      | Reached ** piety under Okawaru
  3567 | D:4      | Reached skill level 5 in Fighting
  3752 | D:4      | Reached skill level 5 in Invocations
  3844 | D:5      | Entered Level 5 of the Dungeon
  3886 | D:5      | Reached XP level 9. HP: 68/68 MP: 11/13
  3900 | D:5      | Noticed Duvessa
  3900 | D:5      | Noticed Dowan
  3912 | D:5      | Killed Duvessa
  3914 | D:5      | Killed Dowan
  3973 | D:5      | Reached *** piety under Okawaru
  4038 | D:5      | Noticed Ijyb
  4047 | D:5      | Killed Ijyb
  4048 | D:5      | Noticed Soeti's ghost (amateur OpTm)
  4055 | D:5      | Killed Soeti's ghost
  4062 | D:5      | Noticed Prince Ribbit
  4098 | D:5      | Killed Prince Ribbit
  4165 | D:5      | Found a staircase to the Ecumenical Temple.
  4312 | D:5      | Found a glowing silver altar of Zin.
  4373 | D:6      | Gained mutation: You are resistant to hostile enchantments. (MR+) [potion of mutation]
  4373 | D:6      | Gained mutation: Your muscles are strong. (Str +2) [potion of mutation]
  4373 | D:6      | Lost mutation: Your muscles are strong. (Str +2) [potion of mutation]
  4373 | D:6      | Gained mutation: You passively map a small area around you. [potion of mutation]
  4624 | D:6      | Found a shattered altar of Ashenzari.
  4739 | D:6      | Noticed Eustachio
  4770 | D:6      | Killed Eustachio
  4782 | D:6      | Got a bloodstained spear
  5008 | D:6      | Reached skill level 10 in Axes
  5008 | D:6      | Reached XP level 10. HP: 70/76 MP: 15/15
  5171 | D:7      | Reached skill level 1 in Dodging
  5636 | D:7      | Found Ceriys's Magic Scroll Emporium.
  5654 | D:7      | Bought a scroll of magic mapping for 49 gold pieces
  5654 | D:7      | Bought a scroll of fog for 28 gold pieces
  5654 | D:7      | Bought a scroll of identify for 28 gold pieces
  5867 | D:7      | Found a deep blue altar of Sif Muna.
  6017 | D:8      | Identified the +4 spear of Puan {freeze, rElec rC+++ MR- Int+4} (You found it on level 6 of the Dungeon)
  6055 | D:8      | Noticed a two-headed ogre
  6072 | D:8      | Killed a two-headed ogre
  6072 | D:8      | Reached **** piety under Okawaru
  6084 | D:8      | Reached skill level 5 in Armour
  7026 | D:9      | Reached XP level 11. HP: 16/84 MP: 14/17
  7050 | D:9      | Noticed a two-headed ogre
  7304 | D:9      | Found a staircase to the Lair.
  7349 | D:9      | Found a blossoming altar of Fedhas.
  7352 | D:9      | Found a sparkling altar of Nemelex Xobeh.
  7352 | D:9      | Found a burning altar of Makhleb.
  7355 | D:9      | Found a shimmering altar of Xom.
  7535 | Lair:1   | Entered Level 1 of the Lair of Beasts
  7550 | Lair:1   | Reached ***** piety under Okawaru
  8266 | Lair:1   | Noticed an oklob plant
  8529 | Lair:1   | Noticed an oklob plant
  8919 | Lair:2   | Noticed Gildeon's ghost (journeyman MiFi)
  9273 | Lair:2   | Noticed Urug
  9511 | D:10     | Entered Level 10 of the Dungeon
  9526 | D:10     | Received a gift from Okawaru
  9946 | D:10     | Found a glowing golden altar of the Shining One.
 10616 | D:11     | Noticed a six-headed hydra
 10628 | D:11     | Killed a one-headed hydra
 10628 | D:11     | Reached XP level 12. HP: 94/94 MP: 15/18
 11008 | D:11     | Found a staircase to the Orcish Mines.
 12328 | D:12     | Found Waituxerith's Book Shop.
 12336 | D:12     | Got a faintly glowing rapier
 12570 | D:13     | Noticed Snorg
 12586 | D:13     | Killed Snorg
 12586 | D:13     | Reached skill level 10 in Fighting
 12801 | D:13     | Found Wopy's General Store.
 12809 | D:13     | Bought a scroll of identify for 32 gold pieces
 12908 | D:13     | Noticed a centaur warrior
 12944 | D:13     | Noticed 4thArraOfDagon's ghost (journeyman SpEE)
 12954 | D:13     | Killed a centaur warrior
 12954 | D:13     | Reached ****** piety under Okawaru
 12986 | D:13     | Killed 4thArraOfDagon's ghost
 13238 | D:13     | Noticed a catoblepas
 13270 | D:13     | Killed a catoblepas
 13270 | D:13     | Received a gift from Okawaru
 13270 | D:13     | Reached skill level 10 in Armour
 13270 | D:13     | Reached XP level 13. HP: 63/104 MP: 20/20
 13565 | D:13     | Reached skill level 10 in Invocations
 14268 | Orc:1    | Entered Level 1 of the Orcish Mines
 14379 | Orc:1    | Found Pabbe's Antique Armour Boutique.
 14853 | Orc:2    | Entered Level 2 of the Orcish Mines
 14867 | Orc:2    | Noticed Azrael
 14903 | Orc:2    | Killed Azrael
 15030 | Orc:2    | Found a labyrinth entrance.
 15040 | Lab      | Entered a labyrinth
 15319 | Lab      | Noticed a minotaur
 15327 | Lab      | Killed a minotaur
 15333 | Lab      | Got a shimmering hand axe
 15334 | Lab      | Identified the +1 hand axe "Jolav" {holy, +Inv rElec rF+ MP+9} (You found it in a labyrinth)
 15501 | Orc:2    | Found a staircase to the Elven Halls.
 15847 | Orc:2    | Found a roughly hewn altar of Beogh.
 16309 | Orc:2    | Noticed an orc warlord
 16337 | Orc:2    | Killed an orc warlord
 16337 | Orc:2    | Received a gift from Okawaru
 16337 | Orc:2    | Reached skill level 5 in Dodging
 16776 | Orc:2    | Reached XP level 14. HP: 75/115 MP: 21/21
 16978 | Orc:2    | Found Muf Pewo's General Store.
 16979 | Orc:2    | Found Tefaf's Book Shop.
 16980 | Orc:2    | Found Gaclugif's Antique Armour Boutique.
 16980 | Orc:2    | Found Ontedgh's Antique Weapon Boutique.
 16994 | Orc:2    | Bought a scroll of enchant weapon for 105 gold pieces
 17067 | Orc:2    | Bought an encrusted plate armour for 896 gold pieces
 17077 | Orc:2    | Identified the +5 plate armour of Immorality {-Cast rPois MR+ SInv} (You bought it in a shop on level 2 of the Orcish Mines)
 17147 | Elf:1    | Entered Level 1 of the Elven Halls
 17522 | Lair:2   | Killed Urug
 17522 | Lair:2   | Received a gift from Okawaru
 17638 | Lair:2   | Killed Gildeon's ghost
 17722 | Lair:2   | Reached skill level 15 in Axes
 17853 | Lair:2   | Found a hole to the Spider Nest.
 18263 | Lair:3   | Found a staircase to the Shoals.
 18400 | Lair:3   | Noticed Sonja
 18439 | Lair:3   | Killed Sonja
 19205 | Lair:4   | Noticed Nergalle
 19211 | Lair:4   | Killed Nergalle
 20031 | Lair:5   | Received a gift from Okawaru
 20407 | Lair:5   | Found the +8 whip "Snakebite" {curare, rPois}
 20667 | Lair:5   | Noticed Josephine
 20679 | Lair:5   | Killed Josephine
 20788 | Lair:6   | Entered Level 6 of the Lair of Beasts
 20816 | Lair:6   | Reached XP level 15. HP: 106/123 MP: 23/23
 20954 | Lair:6   | Found a sparkling altar of Nemelex Xobeh.
 21201 | Lair:6   | Received a gift from Okawaru
 21788 | Lair:6   | Found a viscous altar of Jiyva.
 21788 | Lair:6   | Found a staircase to the Slime Pits.
 21819 | Lair:6   | Got a transparent ring mail
 22163 | Lair:6   | Identified the +4 ring mail of the Bull {rElec MP+9} (You found it on level 6 of the Lair of Beasts)
 23112 | D:14     | Found a gate to the Vaults.
 23124 | D:14     | Received a gift from Okawaru
 23900 | D:15     | Entered Level 15 of the Dungeon
 24026 | D:15     | Noticed Louise
 24051 | D:15     | Killed Louise
 24476 | D:15     | Found a staircase to the Depths.
 24748 | D:15     | Found a glowing golden altar of the Shining One.
 24837 | D:15     | Found Faarey's Distillery.
 24841 | D:15     | Bought a potion of agility for 52 gold pieces
 24841 | D:15     | Bought a potion of mutation for 104 gold pieces
 24961 | D:15     | Reached XP level 16. HP: 111/134 MP: 22/25
 25170 | D:15     | Identified a scroll of acquirement
 25507 | Shoals:1 | Entered Level 1 of the Shoals
 25903 | Shoals:1 | Received a gift from Okawaru
 25977 | Shoals:1 | Reached skill level 15 in Fighting
 26494 | Shoals:1 | Noticed Roxanne
 26686 | Shoals:1 | Killed Roxanne
 26686 | Shoals:1 | Received a gift from Okawaru
 27059 | Shoals:2 | Noticed a kraken
 27068 | Shoals:2 | Killed a kraken
 28701 | Shoals:3 | Noticed Ilsuiw
 28729 | Shoals:3 | Reached XP level 17. HP: 116/142 MP: 21/26
 28730 | Shoals:3 | Killed Ilsuiw
 28733 | Shoals:3 | Received a gift from Okawaru
 29092 | Shoals:3 | Noticed Laiders72's ghost (adept FoFi)
 29112 | Shoals:3 | Killed Laiders72's ghost
 29329 | Shoals:3 | Noticed a kraken
 29342 | Shoals:3 | Killed a kraken
 29897 | Shoals:4 | Entered Level 4 of the Shoals
 30070 | Shoals:4 | Found a frozen archway.
 30082 | IceCv    | Entered an ice cave
 30420 | IceCv    | Got a fine amethyst amulet
 30421 | IceCv    | Identified the amulet of the Moon {Gourm MP+9 Dex+4} (You found it in an ice cave)
 30920 | IceCv    | Noticed an Ice Fiend
 30928 | IceCv    | Reached skill level 10 in Shields
 30938 | IceCv    | Killed an Ice Fiend
 32640 | Shoals:4 | Got a barnacled rune of Zot
 32683 | Shoals:4 | Reached XP level 18. HP: 126/149 MP: 27/27
 32864 | Shoals:4 | Received a gift from Okawaru
 33248 | Shoals:4 | Got a crude scale mail
 33254 | Shoals:4 | Identified the +1 scale mail of New Discoveries {rPois rCorr Str+3} (You found it on level 4 of the Shoals)
 33598 | Shoals:4 | Found the +4 dagger "Morg" {pain, MR+ Int+5}
 34184 | Vaults:1 | Entered Level 1 of the Vaults
 34425 | Vaults:1 | Received a gift from Okawaru
 35087 | Vaults:1 | Reached XP level 19. HP: 21/155 MP: 28/28
 36238 | Vaults:2 | Reached skill level 15 in Shields
 36276 | Vaults:2 | Received a gift from Okawaru
 36308 | Vaults:2 | Received a gift from Okawaru
 36436 | Vaults:2 | Reached skill level 1 in Throwing
 36654 | Vaults:2 | Found a staircase to the Crypt.
 37423 | Vaults:3 | Received a gift from Okawaru
 37465 | Vaults:3 | Reached skill level 10 in Dodging
 37727 | Vaults:3 | Reached skill level 5 in Throwing
 37727 | Vaults:3 | Reached XP level 20. HP: 162/162 MP: 29/29
 37847 | Vaults:3 | Reached skill level 15 in Armour
 38291 | Vaults:3 | Received a gift from Okawaru
 38969 | Vaults:3 | Found Teahucw's General Store.
 39559 | Vaults:4 | Found Qioqek's Assorted Antiques.
 39562 | Vaults:4 | Noticed a lich
 39575 | Vaults:4 | Killed a lich
 39598 | Vaults:4 | Bought a scroll of enchant armour for 255 gold pieces
 39661 | Vaults:4 | Reached XP level 21. HP: 166/171 MP: 30/30
 39909 | Vaults:4 | Received a gift from Okawaru
 40156 | Vaults:4 | Got a pair of faintly humming gloves
 40157 | Vaults:4 | Identified the +0 pair of gloves of Honesty {rF+ rN+} (You acquired it on level 4 of the Vaults)
 40729 | Vaults:5 | Entered Level 5 of the Vaults
 40758 | Vaults:5 | Received a gift from Okawaru
 40777 | Vaults:5 | Received a gift from Okawaru
 41039 | Vaults:5 | Received a gift from Okawaru
 41050 | Vaults:5 | Identified the +1 pair of boots of the Nexus {rN+ Dex+3 SInv} (Okawaru gifted it to you on level 5 of the Vaults)
 41402 | Vaults:5 | Reached XP level 22. HP: 182/182 MP: 31/31
 41522 | Vaults:5 | Found Fiottah's Distillery.
 41522 | Vaults:5 | Noticed a golden dragon
 41528 | Vaults:5 | Killed a golden dragon
 41990 | Vaults:5 | Bought a potion of heal wounds for 75 gold pieces
 41990 | Vaults:5 | Bought a potion of curing for 45 gold pieces
 41990 | Vaults:5 | Bought a potion of agility for 60 gold pieces
 41990 | Vaults:5 | Bought a potion of mutation for 120 gold pieces
 41990 | Vaults:5 | Bought a potion of mutation for 120 gold pieces
 42437 | Vaults:5 | Found Ryaklo's Food Boutique.
 43181 | Vaults:5 | Found Extorr's Food Shoppe.
 43270 | Vaults:5 | Received a gift from Okawaru
 43273 | Vaults:5 | Identified the +0 scale mail of Len Queg {rPois Str+4 Dex+4} (Okawaru gifted it to you on level 5 of the Vaults)
 44004 | Vaults:5 | Got a jewelled flail
 44050 | Vaults:5 | Reached XP level 23. HP: 190/196 MP: 32/32
 44304 | Vaults:5 | Found the +3 giant club "Skullcrusher" {speed, Str+7}
 44374 | Vaults:5 | Identified the Grimoire of Twisted Flight
 44381 | Vaults:5 | Got a silver rune of Zot
 44493 | Vaults:5 | Received a gift from Okawaru
 44580 | Vaults:5 | Identified Sif Muna's Disquisition on Virous Beguiling
 44770 | Vaults:5 | Noticed Sojobo
 44792 | Vaults:5 | Killed Sojobo
 45511 | Depths:1 | Entered Level 1 of the Depths
 45547 | Depths:1 | Noticed Bai Suzhen
 45550 | Depths:1 | Found a gateway to Hell.
 45558 | Depths:1 | Killed Bai Suzhen
 45878 | Depths:1 | Received a gift from Okawaru
 45964 | Depths:1 | Found Kulenax's General Store.
 45964 | Depths:1 | Found Asongeo's Weapon Shoppe.
 45973 | Depths:1 | Bought a scroll of identify for 32 gold pieces
 46260 | Depths:1 | Found a one-way gate leading to the halls of Pandemonium.
 46264 | Depths:1 | You fall through a shaft!
 46983 | Depths:2 | Reached XP level 24. HP: 208/208 MP: 32/32
 47121 | Depths:2 | Found a one-way gate to the infinite horrors of the Abyss.
 47625 | Depths:2 | Received a gift from Okawaru
 47992 | Depths:3 | Received a gift from Okawaru
 49146 | Depths:3 | Reached XP level 25. HP: 217/217 MP: 32/32
 49374 | Depths:3 | Received a gift from Okawaru
 49377 | Depths:3 | Identified the +0 shield of Trial and Error {rPois rF+ Dex+4} (Okawaru gifted it to you on level 3 of the Depths)
 50228 | Depths:4 | Found a gateway to a ziggurat.
 50584 | Depths:4 | Noticed a caustic shrike
 50594 | Depths:4 | Killed a caustic shrike
 50870 | Depths:5 | Entered Level 5 of the Depths
 51129 | Depths:5 | Received a gift from Okawaru
 51156 | Depths:5 | Got a vibrating bone ring
 51157 | Depths:5 | Identified the ring "Gipsum" {Fire rElec SInv} (You acquired it on level 5 of the Depths)
 51461 | Depths:5 | Found Xobes's Gadget Emporium.
 51462 | Depths:5 | Found Toheulom's Jewellery Boutique.
 51463 | Depths:5 | Found Akhlem's Gadget Emporium.
 51471 | Depths:5 | Bought the ring of Light {MR+ Str+4 Dex+4} for 488 gold pieces
 51500 | Depths:5 | Found a gate to the Realm of Zot.
 52345 | Slime:1  | Entered Level 1 of the Pits of Slime
 52358 | Slime:1  | Received a gift from Okawaru
 52394 | Slime:1  | Gained mutation: Your magical capacity is low. (-10% MP) [a shining eye]
 52395 | Slime:1  | Gained mutation: You occasionally shout uncontrollably at your foes. [a shining eye]
 52441 | Slime:1  | Reached XP level 26. HP: 221/224 MP: 28/28
 52458 | Slime:2  | Received a gift from Okawaru
 52792 | Slime:2  | Received a gift from Okawaru
 52800 | Slime:2  | Gained mutation: Your spells are a little easier to cast, but a little less powerful. [a shining eye]
 52901 | Slime:2  | Gained mutation: Your magical capacity is very low. (-20% MP) [a shining eye]
 53334 | Slime:3  | Received a gift from Okawaru
 54038 | Slime:5  | Entered Level 5 of the Pits of Slime
 54122 | Slime:5  | Noticed the Royal Jelly
 54246 | Slime:5  | Killed the Royal Jelly
 54300 | Slime:5  | Found the +9 heavy crossbow "Sniper" {velocity, Acc+∞ SInv}
 54358 | Slime:5  | Gained mutation: You are weak. (Str -2) [a shining eye]
 54425 | Slime:5  | Got a slimy rune of Zot
 54474 | Slime:5  | Got a heavily runed zirconium amulet
 54475 | Slime:5  | Identified the amulet of Lujaiq {Gourm *Contam rF+ Int+3} (You found it on level 5 of the Pits of Slime)
 54483 | Slime:5  | Identified the Collected Works on Boosting Transformation
 55589 | Zot:1    | Entered Level 1 of the Realm of Zot
 55614 | Zot:1    | Received a gift from Okawaru
 55707 | Zot:1    | Reached XP level 27. HP: 157/227 MP: 18/25
 56309 | Zot:1    | Received a gift from Okawaru
 56482 | Zot:1    | Received a gift from Okawaru
 56639 | Zot:1    | Identified the +0 animal skin of Jyzxinkeci {Dex+3 Stlth-} (Okawaru gifted it to you on level 1 of the Realm of Zot)
 57988 | Zot:2    | Reached skill level 15 in Dodging
 58371 | Zot:2    | Reached skill level 15 in Invocations
 59087 | Zot:3    | Received a gift from Okawaru
 60462 | Zot:5    | Entered Level 5 of the Realm of Zot
 60881 | Zot:5    | Noticed an orb of fire
 60883 | Zot:5    | Noticed an ancient lich
 60888 | Zot:5    | Killed an ancient lich
 60888 | Zot:5    | Received a gift from Okawaru
 60899 | Zot:5    | Killed an orb of fire
 60927 | Zot:5    | Noticed an ancient lich
 60935 | Zot:5    | Noticed an ancient lich
 60937 | Zot:5    | Killed an ancient lich
 60948 | Zot:5    | Killed an ancient lich
 60973 | Zot:5    | Received a gift from Okawaru
 61061 | Zot:5    | Received a gift from Okawaru
 61111 | Zot:5    | Noticed an orb of fire
 61132 | Zot:5    | Gained mutation: Your body sometimes deteriorates upon taking damage. [an orb of fire]
 61140 | Zot:5    | Killed an orb of fire
 61357 | Zot:5    | Noticed an ancient lich
 61360 | Zot:5    | Noticed an ancient lich
 61364 | Zot:5    | Killed an ancient lich
 61368 | Zot:5    | Killed an ancient lich
 61456 | Zot:5    | Noticed an orb of fire
 61461 | Zot:5    | Gained mutation: Scrolls take you a little longer to read. [an orb of fire]
 61484 | Zot:5    | Killed an orb of fire
 61484 | Zot:5    | Received a gift from Okawaru
 61556 | Zot:5    | Lost mutation: Your magical capacity is very low. (-20% MP) [potion of mutation]
 61556 | Zot:5    | Lost mutation: Your spells are a little easier to cast, but a little less powerful. [potion of mutation]
 61556 | Zot:5    | Lost mutation: Your body sometimes deteriorates upon taking damage. [potion of mutation]
 61556 | Zot:5    | Lost mutation: Your magical capacity is low. (-10% MP) [potion of mutation]
 61556 | Zot:5    | Gained mutation: Armour fits poorly on your strangely shaped body. [potion of mutation]
 61556 | Zot:5    | Lost mutation: Scrolls take you a little longer to read. [potion of mutation]
 61556 | Zot:5    | Gained mutation: You are surrounded by a mild repulsion field. (EV +2) [potion of mutation]
 61556 | Zot:5    | Gained mutation: Your mind is acute. (Int +2) [potion of mutation]
 61557 | Zot:5    | Lost mutation: Armour fits poorly on your strangely shaped body. [potion of mutation]
 61557 | Zot:5    | Lost mutation: You are surrounded by a mild repulsion field. (EV +2) [potion of mutation]
 61557 | Zot:5    | Gained mutation: You sometimes yell uncontrollably at your foes. [potion of mutation]
 61557 | Zot:5    | Gained mutation: You are partially covered in slimy green scales. (AC +2) [potion of mutation]
 61725 | Zot:5    | Received a gift from Okawaru
 61741 | Zot:5    | Received a gift from Okawaru
 61875 | Zot:5    | Got the Orb of Zot
 62025 | Zot:4    | Noticed a seraph
 62035 | Zot:4    | Noticed Miyha Orumo the pandemonium lord
 62060 | Zot:3    | Noticed Lileadug the pandemonium lord
 62077 | Zot:2    | Killed Lileadug the pandemonium lord
 62437 | D:15     | Gained mutation: Potions are less effective at restoring your health. [a neqoxec]
 62443 | D:15     | Gained mutation: Scrolls take you a little longer to read. [a neqoxec]
 62829 | D:1      | Noticed Luttaem the pandemonium lord
 62837 | D:$      | Escaped with the Orb!

Vault maps used:
D:1:      onia_arrival_handbag
D:2:      old_standard_altar, nicolae_dithmenos_through_a_glass_darkly,
          first_ration, uniq_robin, uniq_jessica
D:3:      lemuel_doored_altar, elyvilon_altar_4, xom_teletrap_fun, uniq_grinder
D:4:      marbit_many_paths, nrook_uturn, minmay_small_thing, uniq_sigmund,
          uniq_blork_the_orc, uniq_pikel, uniq_edmund
D:5:      kennysheep_mini, minmay_temple_entry_statues_fountains, uniq_duvessa,
          uniq_prince_ribbit1, uniq_ijyb
D:6:      ashenzari_conservatory_becter, uniq_eustachio
D:7:      lemuel_blue_sif_altar, serial_shops, shop
D:9:      corexii_shack_village, grunt_temple_overflow_open,
          grunt_lair_entry_orc_guard_hut
D:10:     corexii_hall_statues_x, tso_altar
D:11:     orc_0_dummy
D:12:     serial_shops, kennysheep_mini_moat, the_bakery
D:13:     serial_shops, shop, uniq_snorg
D:14:     erik_vaults_1, minivault_12
D:15:     grunt_enter_depths_hoard, serial_shops, nicolae_shop_trees,
          basic_altar, skrybe_limestone_x, spider_trap, minmay_misc_feat_roman,
          uniq_louise
Lair:1:   minmay_lair_oklob_chamber, lemuel_fruit_tree, lemuel_fruit_fields
Lair:2:   spider_nest_entry_rubble, cheibrodos_lair_lostbears,
          serial_bayou_shore_a, grunt_megastairs_1, uniq_urug
Lair:3:   minmay_shoals_entry_lonely_mermaid, uniq_sonja
Lair:4:   uniq_nergalle
Lair:5:   minmay_guarded_unrand_snakebite, nicolae_quartered_pool_super,
          uniq_josephine
Lair:6:   hangedman_lair_tendril_chambers, slime_altar_1, basic_altar
Shoals:1: nicolae_shoals_drake_roost, uniq_roxanne
Shoals:2: yaktaur_hedge
Shoals:3: nicolae_shoals_cliffside_cave, nicolae_shoals_dead_sea_scrolls,
          uniq_ilsuiw
Shoals:4: shoals_end_grunt_ice, shoals_ilsuiw_alternative,
          portal_ice_cave_entry_dragon
Orc:1:    serial_shops, shop
Orc:2:    st_orc_congregation, basic_altar, lab_entry_generic, uniq_azrael
Elf:1:    minmay_elf_arrival_circle, orc_legates, small_chamber_with_monster,
          evilmike_minifort
Vaults:1: vaults_mumra_bighexcomb, vaults_mumra_chevron,
          hangedman_vaults_capsules, grunt_vaults_trifunnel, vaults_room_grid,
          vaults_mumra_hex, v_misc_9, vaults_dpeg_ring,
          nicolae_vaults_diagonal_hallway_7
Vaults:2: vaults_dpeg_spiral, nicolae_vaults_shelves_hall, v_misc_26,
          hangedman_vaults_stitches, nicolae_vaults_quartermaster, v_misc_24,
          vaults_room_stairs_pillars, minmay_crypt_entry_simple_corners,
          grunt_vaults_twisty
Vaults:3: v_pattern_5, ontoclasm_vaults_fault, v_misc_5,
          nicolae_vaults_stairing_the_circle, vaults_room_hangedman_quadrants,
          vaults_room_grid, nicolae_vaults_little_squares_6, grunt_vaults_focal,
          v_misc_4, nicolae_vaults_asterisk, nicolae_vaults_network_star,
          v_misc_25, hangedman_vaults_impose, v_misc_5,
          nicolae_vaults_shelves_hall, ontoclasm_vaults_decontamination,
          serial_shops, shop
Vaults:4: hangedman_vaults_hat, v_rooms_2,
          nicolae_vaults_windows_and_doors_thing, ontoclasm_vaults_twist,
          nicolae_vaults_mini_display_case, vaults_mumra_lcd, v_pattern_3,
          v_misc_13, nicolae_vaults_circle_grid_a,
          nicolae_vaults_little_squares_6, ontoclasm_vaults_ring_small,
          serial_shops, nicolae_shop_temple_entry_statues_fountains
Vaults:5: uniq_sojobo
Depths:1: pan_entry, hell_entry, feat_on_display, serial_bayou_shore_b,
          minmay_shoptagon, infiniplex_staircase_pool_lava, grunt_megastairs_3,
          firewood_loft, serial_bayou_shore_b, uniq_bai_suzhen
Depths:2: hangedman_crystal_crosses_colossus, hell_entry, abyss_entry
Depths:3: minmay_the_grid_octo_2x2, rand_demon_pan_entry_7,
          hangedman_coc_ice_floe, minmay_parallelograms
Depths:4: minmay_stepped, ziggurat_fallback, grunt_hell_entry_dis_mu,
          abyss_entry, kennysheep_another_room, infiniplex_staircase_squiggle
Depths:5: grunt_crosshair, minmay_misc_feat_rows, hell_entry, st_stairs_2,
          grunt_ministairs_3, minmay_shop_grove
Zot:2:    st_single_dragon_hoard_3, guppyfry_library_mini
Lab:      labyrinth_spiral, labyrinth_skeletal_remains
IceCv:    ice_cave_caverns_02

Skill      XL: |  1  2  3  4  5  6  7  8  9 10 11 12 13 14 15 16 17 18 19 20 21 22 23 24 25 26 27 |
---------------+----------------------------------------------------------------------------------+-----
Shields        | 4 5 8 9 11 14 15 16 19 20 21 | 21.1
Axes           | 3 4 5 6 7 10 11 13 14 15 18 20 21 22 | 22.0
Fighting       | 4 5 7 8 10 12 13 14 15 16 17 19 21 22 | 22.0
Invocations    | 2 3 5 7 8 9 10 11 12 15 | 15.0
Dodging        | 3 5 6 7 10 13 20 | 20.7
Armour         | 5 7 10 12 13 14 16 17 18 19 20 22 | 22.0
Throwing       | 5 8 |  8.0

Action                   |  1- 3 |  4- 6 |  7- 9 | 10-12 | 13-15 | 16-18 | 19-21 | 22-24 | 25-27 || total
-------------------------+-------+-------+-------+-------+-------+-------+-------+-------+-------++-------
Melee: War axe           |    98 |   131 |   401 |   246 |       |       |       |       |       ||   876
       Whip              |       |    19 |    31 |       |       |       |       |       |       ||    50
       Broad axe         |       |       |       |   487 |   332 |       |       |       |       ||   819
       Hand axe          |       |       |       |     8 |    38 |       |       |       |       ||    46
       Executioner's axe |       |       |       |       |   650 |   817 |   812 |   830 |  1549 ||  4658
       Punch             |       |       |       |       |       |       |     2 |       |       ||     2
Invok: Heroism           |       |       |     7 |    28 |    27 |    28 |    13 |    16 |    33 ||   152
       Finesse           |       |       |       |     4 |     4 |    10 |     4 |    11 |    19 ||    52
 Abil: Dig               |       |       |     2 |     1 |    18 |     5 |     1 |     1 |     4 ||    32
Evoke: Wand              |       |       |       |     4 |     5 |       |       |       |       ||     9
  Use: Scroll            |       |     7 |     9 |     5 |    16 |    13 |     7 |     4 |    17 ||    78
       Potion            |       |     2 |     6 |     5 |     2 |     8 |       |     3 |    13 ||    39
 Stab: Invisible         |       |       |       |       |       |     6 |       |       |       ||     6
       Held in net/web   |       |       |       |       |       |     1 |       |       |       ||     1
       Distracted        |       |       |       |       |       |       |       |     1 |       ||     1
  Eat: Chunk             |       |     5 |     9 |    14 |    17 |    12 |    16 |    10 |    17 ||   100
       Ration            |       |       |       |     6 |     7 |     6 |     2 |     5 |     8 ||    34
Armor: Scale mail        |    31 |    27 |       |       |       |       |       |       |       ||    58
       Chain mail        |       |    33 |   193 |       |       |       |       |       |       ||   226
       Plate armour      |       |       |     3 |   327 |   383 |   291 |   160 |    47 |       ||  1211
       Gold dragon scale |       |       |       |       |       |       |       |   207 |   382 ||   589
Dodge: Dodged            |    26 |    38 |    91 |   183 |   319 |   199 |   139 |   171 |   305 ||  1471
Block: Shield            |    46 |    61 |   221 |   395 |   542 |       |       |       |       ||  1265
       Large shield      |       |       |       |       |    54 |   960 |   649 |   598 |  1296 ||  3557
       Reflection        |       |       |       |       |       |    57 |    79 |    57 |    57 ||   250
       Other             |       |       |       |       |       |       |     2 |    14 |       ||    16

Table legend:
 A = Spawn XP
 B = Non-spawn XP
 C = Spawn XP percentage of total XP
 D = Spawn monster count
 E = Non-spawn monster count
 F = Spawn count percentage of total count
 G = Total turns spent on level
                    A         B        C        D         E        F      G
               +---------+---------+-------+---------+---------+-------+---------
         Total |       0 | 1409689 |   0.0 |       0 |    2000 |   0.0 | 62837
               +---------+---------+-------+---------+---------+-------+---------
           D:1 |       0 |      64 |   0.0 |       0 |      32 |   0.0 |  1281
           D:2 |       0 |     171 |   0.0 |       0 |      40 |   0.0 |   826
           D:3 |       0 |     412 |   0.0 |       0 |      33 |   0.0 |  1179
           D:4 |       0 |    1144 |   0.0 |       0 |      20 |   0.0 |   686
           D:5 |       0 |    1576 |   0.0 |       0 |      21 |   0.0 |   531
           D:6 |       0 |     570 |   0.0 |       0 |      16 |   0.0 |   822
           D:7 |       0 |    1179 |   0.0 |       0 |      19 |   0.0 |  1065
           D:8 |       0 |    1931 |   0.0 |       0 |      22 |   0.0 |   675
           D:9 |       0 |    1108 |   0.0 |       0 |      23 |   0.0 |   855
          D:10 |       0 |    2185 |   0.0 |       0 |      25 |   0.0 |  1096
          D:11 |       0 |    4118 |   0.0 |       0 |      19 |   0.0 |  1065
          D:12 |       0 |    1724 |   0.0 |       0 |      21 |   0.0 |  1150
          D:13 |       0 |    9080 |   0.0 |       0 |      32 |   0.0 |  2072
          D:14 |       0 |    9119 |   0.0 |       0 |      24 |   0.0 |  1202
          D:15 |       0 |   14302 |   0.0 |       0 |      43 |   0.0 |  2066
        Lair:1 |       0 |    2973 |   0.0 |       0 |      12 |   0.0 |  1716
        Lair:2 |       0 |    6422 |   0.0 |       0 |      40 |   0.0 |   870
        Lair:3 |       0 |    6548 |   0.0 |       0 |      25 |   0.0 |  1137
        Lair:4 |       0 |    2752 |   0.0 |       0 |      12 |   0.0 |  1006
        Lair:5 |       0 |    5383 |   0.0 |       0 |      19 |   0.0 |   932
        Lair:6 |       0 |   17878 |   0.0 |       0 |      61 |   0.0 |  1868
      Shoals:1 |       0 |   13518 |   0.0 |       0 |      26 |   0.0 |  1574
      Shoals:2 |       0 |   24924 |   0.0 |       0 |      44 |   0.0 |  1662
      Shoals:3 |       0 |   18417 |   0.0 |       0 |      29 |   0.0 |  1210
      Shoals:4 |       0 |   46208 |   0.0 |       0 |      81 |   0.0 |  2476
       Slime:1 |       0 |    9523 |   0.0 |       0 |      23 |   0.0 |   121
       Slime:2 |       0 |   14415 |   0.0 |       0 |      21 |   0.0 |   664
       Slime:3 |       0 |   14335 |   0.0 |       0 |      26 |   0.0 |   886
       Slime:4 |       0 |    7984 |   0.0 |       0 |      15 |   0.0 |   186
       Slime:5 |       0 |   65282 |   0.0 |       0 |      74 |   0.0 |   844
         Orc:1 |       0 |     807 |   0.0 |       0 |      12 |   0.0 |   600
         Orc:2 |       0 |   16043 |   0.0 |       0 |      93 |   0.0 |  2125
         Elf:1 |       0 |    1734 |   0.0 |       0 |       3 |   0.0 |    16
      Vaults:1 |       0 |   56356 |   0.0 |       0 |      89 |   0.0 |  1996
      Vaults:2 |       0 |   38604 |   0.0 |       0 |      73 |   0.0 |  1305
      Vaults:3 |       0 |   70083 |   0.0 |       0 |      90 |   0.0 |  1857
      Vaults:4 |       0 |   60377 |   0.0 |       0 |      93 |   0.0 |  1656
      Vaults:5 |       0 |  188672 |   0.0 |       0 |     147 |   0.0 |  4321
      Depths:1 |       0 |   28334 |   0.0 |       0 |      29 |   0.0 |  1385
      Depths:2 |       0 |   68675 |   0.0 |       0 |      58 |   0.0 |  1775
      Depths:3 |       0 |  100101 |   0.0 |       0 |     113 |   0.0 |  1515
      Depths:4 |       0 |   38006 |   0.0 |       0 |      37 |   0.0 |  1018
      Depths:5 |       0 |   52223 |   0.0 |       0 |      44 |   0.0 |   996
         Zot:1 |       0 |   75236 |   0.0 |       0 |      41 |   0.0 |  2115
         Zot:2 |       0 |   57045 |   0.0 |       0 |      32 |   0.0 |  1415
         Zot:3 |       0 |   25710 |   0.0 |       0 |      14 |   0.0 |   595
         Zot:4 |       0 |   41959 |   0.0 |       0 |      26 |   0.0 |   915
         Zot:5 |       0 |  173110 |   0.0 |       0 |      50 |   0.0 |  1523
           Lab |       0 |    1239 |   0.0 |       0 |       1 |   0.0 |   423
         IceCv |       0 |   10130 |   0.0 |       0 |      57 |   0.0 |  1563
               +---------+---------+-------+---------+---------+-------+---------
